 Dungeon Crawl Stone Soup version 0.25-a0-292-gaa31f046c4 (webtiles) character file.

Game seed: 3713176116930104615, levelgen mode: classic

181432 Borgoz the Fencer (level 17, 0/163 HPs)
             Began as a Minotaur Berserker on Dec 16, 2019.
             Was the Champion of Trog.
             Slain by the 26-headed Lernaean hydra (6 damage)
             ... on level 4 of the Swamp.
             The game lasted 01:04:47 (25537 turns).

Borgoz the Fencer (Minotaur Berserker)             Turns: 25537, Time: 01:04:48

Health: 0/163      AC: 15    Str: 27    XL:     17   Next: 67%
Magic:  11/11      EV: 29    Int:  4    God:    Trog [******]
Gold:   2097       SH:  0    Dex: 25    Spells: 16/16 levels left

rFire    . . .     SeeInvis +   a - +8 triple sword (flame)
rCold    + . .     Gourm    .   (shield currently unavailable)
rNeg     . . .     Faith    .   t - +1 leather armour "Mebluch" {Dex+8}
rPois    +         Spirit   .   (helmet restricted)
rElec    .         Reflect  .   z - +0 cloak of Entitlement {rC+ Regen+ Str+3 Stlth+}
rCorr    +         Harm     .   M - +2 pair of gloves of Eduymul {+Fly Dex+2 Stlth+}
MR       +....     NoTele   +   b - +2 pair of boots
Stlth    +++++++...             m - amulet of regeneration
HPRegen  1.17/turn              J - ring of see invisible
MPRegen  0.12/turn              N - ring "Hupenopp" {-Tele rPois rCorr MP-9 Slay+5 Stlth+}

@: no status effects
A: retaliatory headbutt, horns 2
a: Berserk, Trog's Hand, Brothers in Arms, Renounce Religion, Evoke Flight


You were on level 4 of the Swamp.
You worshipped Trog.
Trog was exalted by your worship.
You were hungry.

You visited 5 branches of the dungeon, and saw 28 of its levels.
You also visited: Bailey and Gauntlet.

You collected 2796 gold pieces.
You spent 699 gold pieces at shops.

Inventory:

Hand Weapons
 a - a +8 triple sword of flaming (weapon)
 q - the +8 long sword of Jist {antimagic, rN+ Str+4 SInv Stlth-}
   (You found it on level 1 of the Swamp)

   It reduces the magical energy of the wielder, and disrupts the spells and
   magical abilities of those hit.
   Natural abilities and divine invocations are not affected.
   It affects your strength (+4).
   It protects you from negative energy.
   It lets you see invisible.
   It makes you less stealthy.
Missiles
 C - a throwing net (quivered)
Armour
 b - a +2 pair of boots (worn)
 r - the +6 scale mail of the Bard {+Fly rC+ Stlth+}
   (You acquired it on level 1 of the Lair of Beasts)

   It protects you from cold.
   It lets you fly.
   It makes you more stealthy.
 t - the +1 leather armour "Mebluch" (worn) {Dex+8}
   (You bought it in a shop on level 4 of the Dungeon)

   It affects your dexterity (+8).
 z - the +0 cloak of Entitlement (worn) {rC+ Regen+ Str+3 Stlth+}
   (You found it on level 8 of the Dungeon)

   It affects your strength (+3).
   It protects you from cold.
   It increases your rate of regeneration.
   It makes you more stealthy.
 M - the +2 pair of gloves of Eduymul (worn) {+Fly Dex+2 Stlth+}
   (You found it on level 15 of the Dungeon)

   It affects your dexterity (+2).
   It lets you fly.
   It makes you more stealthy.
Jewellery
 m - an amulet of regeneration (around neck)
 B - an uncursed ring of fire
 H - an uncursed ring of protection from magic
 J - a ring of see invisible (left hand)
 N - the ring "Hupenopp" (right hand) {-Tele rPois rCorr MP-9 Slay+5 Stlth+}
   (You took it off a gnoll on level 8 of the Dungeon)

   [ring of resist corrosion]

   It affects your accuracy and damage with ranged weapons and melee attacks
   (+5).
   It protects you from poison.
   It affects your magic capacity (-9).
   It prevents most forms of teleportation.
   It provides partial protection from all sources of acid and corrosion.
   It makes you more stealthy.
 O - the ring "Gerapil" {Fire +Fly rElec}
   (You found it in a Gauntlet)

   [ring of fire]

   It enhances your fire magic.
   It protects you from fire.
   It makes you vulnerable to cold.
   It insulates you from electricity.
   It lets you fly.
Wands
 w - a wand of scattershot (7)
 x - a wand of iceblast (8)
 y - a wand of disintegration (54)
 P - a wand of paralysis (20)
 Q - a wand of digging (5)
 R - a wand of flame (36)
Scrolls
 d - 3 scrolls of identify
 e - 3 scrolls of fog
 f - 14 scrolls of remove curse
 g - 6 scrolls of magic mapping
 h - 5 scrolls of blinking
 k - 15 scrolls of teleportation
 l - a scroll of enchant weapon
 p - 5 scrolls of fear
 s - 2 scrolls of torment {unknown}
 A - a scroll of enchant armour
 G - a scroll of holy word {unknown}
Potions
 i - 12 potions of curing
 j - 5 potions of haste
 n - 7 potions of agility
 o - 5 potions of might
 u - a potion of ambrosia
 v - 2 potions of flight
 D - a potion of resistance
 E - 2 potions of brilliance
 L - 2 potions of berserk rage
 S - a potion of cancellation
 T - 3 potions of heal wounds
Comestibles
 c - 58 rations


   Skills:
 * Level 17.7 Fighting
 * Level 17.7 Long Blades
 * Level 17.5 Armour
 * Level 16.5 Dodging
 + Level 6.1 Stealth
 + Level 6.2 Evocations


You had 16 spell levels left.
You didn't know any spells.
Your spell library was empty.

Dungeon Overview and Level Annotations

Branches:
Dungeon (15/15)            Temple (1/1) D:6            Lair (6/6) D:11
  Swamp (4/4) Lair:4        Snake (0/4) Lair:3        Slime (0/5) Lair:5
    Orc (2/2) D:12            Elf (0/3) Orc:2        Vaults (0/5) D:14
 Depths (0/5) D:15         Bailey (visited)         Gauntlet (visited)

Altars:
Ashenzari
Cheibriados
Dithmenos
Elyvilon
Fedhas
Gozag
Hepliaklqana
Kikubaaqudgha
Makhleb
Nemelex Xobeh
Okawaru
Qazlal
Ru
Sif Muna
Trog
Uskayaw
Vehumet
Wu Jian
Xom
Yredelemnul
Zin
The Shining One
Beogh
Jiyva

Shops:
D:4 [   D:11 [   D:13 ?   Orc:2 [((*

Annotations:
Swamp:4 Lernaean hydra


Innate Abilities, Weirdness & Mutations

You reflexively headbutt those who attack you in melee.
You have a pair of horns on your head.


Message History

The blast of poison engulfs the swamp drake.
A five-headed hydra comes into view.
You barely miss the 26-headed Lernaean hydra.
You headbutt the 26-headed Lernaean hydra.
The 26-headed Lernaean hydra is moderately wounded.
The swamp dragon bites you!
* * * LOW HITPOINT WARNING * * *
The swamp dragon completely misses you. x2
The 26-headed Lernaean hydra bites you!
* * * LOW HITPOINT WARNING * * *
The 26-headed Lernaean hydra bites you but does no damage. x2
The 26-headed Lernaean hydra completely misses you.
The 26-headed Lernaean hydra closely misses you.
The 26-headed Lernaean hydra misses you.
The 26-headed Lernaean hydra bites you but does no damage.
The 26-headed Lernaean hydra bites you.
* * * LOW HITPOINT WARNING * * *
The 26-headed Lernaean hydra bites you but does no damage.
The 26-headed Lernaean hydra bites you.
You die...

..≈...♣ ≈♣♣♣.#.≈≈♣♣♣ ♣
≈≈.≈..♣.≈≈♣ ### ≈.♣♣
♣≈....≈≈≈. ### ≈○#
#≈.♣♣≈...≈§≈≈≈
≈○°≈##○######≈≈♣..≈.≈..♣
..#○≈°○☼☼☼#☼..≈...≈≈≈§♣♣
..D○§°k@§§§§○≈.....≈≈≈..
.≈D.☼#DD#☼##[..♣♣[.≈≈≈≈≈
##D≈≈Dt#######†♣♣≈.≈≈≈≈≈
#.≈#≈ .♣♣♣§≈≈≈≈.≈ .≈§≈≈≈
.♣ ♣≈≈≈.≈♣♣♣ ≈≈#≈≈≈# ♣♣
≈.≈≈.≈♣♣ ♣ # ≈.≈≈
♣≈#.♣♣♣♣♣ ♣ .≈.≈.
≈≈.♣♣#.♣♣♣♣ ≈≈#≈♣.§≈≈♣.


You could see the 26-headed Lernaean hydra, an alligator, a five-headed hydra, 4
swamp dragons and a swamp drake.

Vanquished Creatures
  Frances (Swamp:1)
  Kirke (D:13)
  A thorn hunter (Swamp:4)
  An orc warlord (Bailey)
  The ghost of Borgoz the Swashbuckler, a journeyman KoAs of Okawaru (Lair:2)
  A dire elephant (Lair:6)
  A minotaur (Gauntlet)
  A vault guard (D:14)
  Fannar (D:10)
  19 hydras
  4 shambling mangroves
  19 alligators
  4 catoblepae
  Erica (D:8)
  A ghost crab (Swamp:1)
  6 ogre magi
  3 centaur warriors (D:14)
  22 two-headed ogres
  A deep troll shaman (Lair:6)
  A tengu warrior (D:14)
  3 death yaks (Lair:6)
  Urug (D:13)
  A fire crab (Lair:6)
  The ghost of MisterFreud the Shield-Bearer, a novice GnFi of Ashenzari (D:8)
  9 swamp dragons
  3 skeletal warriors (D:14)
  2 unseen horrors
  3 spriggan druids (Swamp:4)
  A wolf spider zombie (D:15)
  3 orc knights
  2 deep elf magi (D:15)
  8 oklob plants
  An orc sorcerer (Orc:2)
  7 ugly things (D:14)
  3 manticores
  A cyclops (Orc:2)
  18 elephants
  2 naga magi (D:15)
  5 black mambas
  2 torpor snails
  Maurice (D:10)
  3 gargoyles
  A spiny frog (shapeshifter) (D:14)
  Psyche (D:11)
  25 spiny frogs
  A minotaur zombie (Gauntlet)
  6 komodo dragons
  4 rime drakes
  A freezing wraith (D:14)
  An efreet (D:14)
  10 trolls
  A polar bear (shapeshifter) (D:15)
  6 tyrant leeches
  5 polar bears
  16 hornets
  6 slime creatures
  12 hippogriffs
  Prince Ribbit (D:5)
  30 blink frogs
  5 bog bodies
  4 dream sheep (Lair:6)
  A centaur simulacrum (D:14)
  14 flying skulls (Gauntlet)
  2 shadows
  70 yaks
  9 spriggans
  4 hogs (D:13)
  2 wyverns
  5 humans (D:9)
  3 hungry ghosts
  Grum (D:9)
  A human (shapeshifter) (D:15)
  A basilisk (D:13)
  15 vampire mosquitoes
  7 wargs
  12 swamp worms
  14 insubstantial wisps
  2 soldier ants (D:14)
  A soldier ant (shapeshifter) (D:13)
  3 acid dragons (D:14)
  6 porcupines
  11 swamp drakes
  7 water moccasins
  9 sky beasts
  6 ice beasts
  5 black bears
  25 orc warriors
  34 ogres
  4 necrophages
  2 phantoms
  A boggart (D:14)
  22 wolves
  15 centaurs
  12 crocodiles
  2 big kobolds (D:9)
  16 bullfrogs
  6 gnoll sergeants
  A water moccasin skeleton (D:8)
  7 scorpions
  6 killer bees (D:7)
  4 wights (D:9)
  5 electric eels
  2 howler monkeys
  7 crimson imps
  2 centaur zombies
  20 orc priests
  5 hounds
  2 jellies
  A bullfrog skeleton (D:10)
  2 centaur skeletons
  A gnoll shaman (D:8)
  32 orc wizards
  Ijyb (D:4)
  4 iguanas
  2 hell rats (Lair:5)
  8 worker ants
  A hound skeleton (D:5)
  2 hound zombies (D:9)
  23 gnolls
  2 howler monkey skeletons
  A howler monkey zombie (D:6)
  18 adders
  10 river rats (Lair:5)
  6 shadow imps
  2 oozes
  3 adder zombies
  2 adder skeletons
  4 worms
  2 dart slugs
  11 leopard geckos
  96 orcs
  2 ball pythons
  6 giant cockroaches
  20 goblins
  6 hobgoblins
  10 jackals
  29 kobolds
  7 quokkas
  13 bats
  6 frilled lizards
  A jackal skeleton (D:6)
  A leopard gecko skeleton (D:6)
  A quokka skeleton (D:5)
  A quokka zombie (D:5)
  16 rats
  A bush (D:9)
  10 plants
1081 creatures vanquished.

Vanquished Creatures (others)
  A hornet (Swamp:1)
  A crocodile (Lair:5)
  A demonic plant (Gauntlet)
  5 fungi
  12 plants
  3 withered plants (Gauntlet)
23 creatures vanquished.

Grand Total: 1104 creatures vanquished

Notes
Turn   | Place    | Note
-------+----------+-------------------------------------------
     0 | D:1      | Borgoz the Minotaur Berserker began the quest for the Orb.
     0 | D:1      | Reached XP level 1. HP: 19/19 MP: 0/0
   257 | D:1      | Reached XP level 2. HP: 24/27 MP: 1/1
   448 | D:1      | Reached XP level 3. HP: 29/33 MP: 2/2
   709 | D:1      | Reached ** piety under Trog
  1048 | D:2      | Reached XP level 4. HP: 37/40 MP: 3/3
  1904 | D:3      | Reached XP level 5. HP: 8/47 MP: 4/4
  2399 | D:3      | Reached *** piety under Trog
  2910 | D:4      | Noticed Ijyb
  2922 | D:4      | Killed Ijyb
  2922 | D:4      | Reached skill level 5 in Fighting
  2922 | D:4      | Reached skill level 5 in Long Blades
  3369 | D:4      | Found Rophema's Antique Armour Emporium.
  3378 | D:4      | Reached XP level 6. HP: 56/56 MP: 5/5
  3404 | D:4      | Bought an ancient leather armour for 175 gold pieces
  3414 | D:4      | Identified the +1 leather armour "Mebluch" {Dex+8} (You
                  | bought it in a shop on level 4 of the Dungeon)
  3435 | D:4      | Found a shattered altar of Ashenzari.
  3685 | D:5      | Entered Level 5 of the Dungeon
  3721 | D:5      | Noticed Prince Ribbit
  3736 | D:5      | Killed Prince Ribbit
  3750 | D:5      | Reached skill level 5 in Armour
  3750 | D:5      | Reached XP level 7. HP: 10/62 MP: 6/6
  4053 | D:5      | Reached **** piety under Trog
  4054 | D:5      | Reached skill level 5 in Dodging
  4977 | D:6      | Reached XP level 8. HP: 71/71 MP: 7/7
  5043 | D:6      | Found a staircase to the Ecumenical Temple.
  5072 | Temple   | Entered the Ecumenical Temple
  5545 | D:6      | Found a shadowy altar of Dithmenos.
  6082 | D:6      | Found a basalt altar of Yredelemnul.
  6182 | D:7      | Reached ***** piety under Trog
  6182 | D:7      | Received a gift from Trog
  6292 | D:7      | Reached XP level 9. HP: 77/81 MP: 2/8
  7303 | D:8      | Found a transporter.
  7480 | D:8      | Received a gift from Trog
  7538 | D:8      | Found a transporter.
  7554 | D:8      | Noticed MisterFreud's ghost (novice GnFi)
  7651 | D:8      | Noticed Erica
  7657 | D:8      | Paralysed by Erica for 6 turns
  7671 | D:8      | Paralysed by something for 5 turns
  7687 | D:8      | Killed Erica
  7687 | D:8      | Reached XP level 10. HP: 42/91 MP: 3/9
  7901 | D:8      | Got a heavily runed cloak
  7907 | D:8      | Identified the +0 cloak of Entitlement {rC+ Regen+ Str+3
                  | Stlth+} (You found it on level 8 of the Dungeon)
  7996 | D:8      | Found an iron altar of Okawaru.
  7996 | D:8      | Found a sparkling altar of Nemelex Xobeh.
  7996 | D:8      | Found a snail-covered altar of Cheibriados.
  7996 | D:8      | Found a sacrificial altar of Ru.
  8181 | D:8      | Identified the ring "Hupenopp" {-Tele rPois rCorr MP-9
                  | Slay+5 Stlth+}
  8268 | D:9      | Found a shimmering blue altar of Sif Muna.
  8305 | D:9      | Noticed Grum
  8315 | D:9      | Reached skill level 10 in Long Blades
  8320 | D:9      | Killed Grum
  8320 | D:9      | Reached skill level 10 in Fighting
  8439 | D:9      | Found a stormy altar of Qazlal.
  8485 | D:9      | Found a flagged portal.
  8491 | D:9      | Noticed a two-headed ogre
  8496 | D:9      | Killed a two-headed ogre
  8496 | D:9      | Received a gift from Trog
  8496 | D:9      | Reached skill level 10 in Armour
  8537 | Bailey   | Entered a bailey
  8542 | Bailey   | Noticed an orc warlord
  8616 | Bailey   | Found a runed translucent gate.
  8618 | Bailey   | Found a runed translucent gate.
  8621 | Bailey   | Found a runed translucent gate.
  8722 | Bailey   | Killed an orc warlord
  8722 | Bailey   | Reached XP level 11. HP: 101/101 MP: 10/10
  8901 | D:9      | Found a blossoming altar of Fedhas.
  9137 | D:9      | Reached skill level 10 in Dodging
  9174 | D:10     | Entered Level 10 of the Dungeon
  9179 | D:10     | Noticed Fannar
  9187 | D:10     | Killed Fannar
  9286 | D:10     | Killed an unseen horror
  9492 | D:10     | Received a gift from Trog
 10009 | D:10     | Noticed Maurice
 10016 | D:10     | Killed Maurice
 10307 | D:11     | Noticed an oklob plant
 10468 | D:11     | Found a staircase to the Lair.
 10469 | D:11     | Noticed an oklob plant
 10490 | D:11     | Found Wejoy's Armour Shop.
 10491 | D:11     | Noticed an orc knight
 10507 | D:11     | Killed an orc knight
 10510 | D:11     | Found a roughly hewn altar of Beogh.
 10632 | D:11     | Found a gate leading to a gauntlet.
 10659 | Gauntlet | Entered a Gauntlet
 10659 | Gauntlet | Found a transporter.
 10666 | Gauntlet | Found a transporter.
 10668 | Gauntlet | Found a transporter.
 10677 | Gauntlet | Found a transporter.
 10679 | Gauntlet | Found a transporter.
 10681 | Gauntlet | Noticed a great orb of eyes
 10684 | Gauntlet | Noticed a brown ugly thing
 10686 | Gauntlet | Noticed a cyan ugly thing
 10688 | Gauntlet | Found a transporter.
 10703 | Gauntlet | Found a transporter.
 10713 | Gauntlet | Found a transporter.
 10726 | Gauntlet | Found a transporter.
 10738 | Gauntlet | Found a transporter.
 10764 | Gauntlet | Found a transporter.
 10767 | Gauntlet | Found a transporter.
 10827 | Gauntlet | Noticed a death scarab
 10829 | Gauntlet | Found a transporter.
 10829 | Gauntlet | Found a transporter.
 10839 | Gauntlet | Noticed a death scarab
 10847 | Gauntlet | Noticed a glowing orange brain
 10988 | Gauntlet | Reached XP level 12. HP: 93/112 MP: 11/11
 10999 | Gauntlet | Received a gift from Trog
 11132 | Gauntlet | Got a brightly glowing brass ring
 11139 | Gauntlet | Identified the ring "Gerapil" {Fire +Fly rElec} (You found
                  | it in a Gauntlet)
 11175 | Gauntlet | Noticed a minotaur
 11193 | Gauntlet | Killed a minotaur
 11424 | D:11     | Noticed Psyche
 11431 | D:11     | Killed Psyche
 11980 | D:12     | Found a staircase to the Orcish Mines.
 11987 | D:12     | Found a roughly hewn altar of Beogh.
 12300 | D:13     | Noticed Kirke
 12313 | D:13     | Killed Kirke
 12460 | D:13     | Noticed Urug
 12463 | D:13     | Killed Urug
 12464 | D:13     | Found Ruwnuwyw's Magic Scroll Shop.
 12503 | D:13     | Noticed a six-headed hydra
 12512 | D:13     | Killed a four-headed hydra
 12526 | D:13     | Received a gift from Trog
 12545 | D:13     | Reached XP level 13. HP: 114/122 MP: 12/12
 12575 | D:13     | Bought a scroll of teleportation for 36 gold pieces
 12575 | D:13     | Bought a scroll of teleportation for 36 gold pieces
 12575 | D:13     | Bought a scroll of identify for 24 gold pieces
 12575 | D:13     | Bought a scroll of identify for 24 gold pieces
 12575 | D:13     | Bought a scroll of identify for 24 gold pieces
 12578 | D:13     | Reached XP level 14. HP: 130/130 MP: 12/14
 14112 | D:14     | Received a gift from Trog
 14144 | D:14     | Found a gate to the Vaults.
 14209 | D:15     | Entered Level 15 of the Dungeon
 14586 | D:15     | Got a pair of distressingly furry gloves
 14597 | D:15     | Identified the +2 pair of gloves of Eduymul {+Fly Dex+2
                  | Stlth+} (You found it on level 15 of the Dungeon)
 14680 | D:15     | Found a staircase to the Depths.
 14829 | D:15     | Found a glowing golden altar of the Shining One.
 14880 | D:15     | Reached skill level 15 in Fighting
 14880 | D:15     | Reached skill level 15 in Long Blades
 15260 | D:8      | Received a gift from Trog
 15266 | D:8      | Killed MisterFreud's ghost
 15480 | Lair:1   | Entered Level 1 of the Lair of Beasts
 15495 | Lair:1   | Reached XP level 15. HP: 141/141 MP: 6/15
 15934 | Lair:1   | Reached skill level 15 in Armour
 16576 | Lair:2   | Got a steaming chain mail
 16587 | Lair:2   | Identified the +3 chain mail of Midnight {*Corrode Int+3
                  | Slay+2 SInv} (You found it on level 2 of the Lair of
                  | Beasts)
 16636 | Lair:2   | Found a runed translucent gate.
 16637 | Lair:2   | Found a runed translucent gate.
 16638 | Lair:2   | Found a runed translucent gate.
 16651 | Lair:2   | Noticed Borgoz's ghost (journeyman KoAs)
 16928 | Lair:2   | Received a gift from Trog
 17281 | Lair:2   | Killed Borgoz's ghost
 17308 | Lair:2   | Got a faintly glowing scale mail
 17322 | Lair:2   | Identified the +3 scale mail of Xom's Fury {+Fly rElec
                  | Int+5 Dex-2} (You found it on level 2 of the Lair of
                  | Beasts)
 17784 | Lair:3   | Found a staircase to the Snake Pit.
 18666 | Lair:4   | Received a gift from Trog
 19048 | Lair:4   | Found a staircase to the Swamp.
 19478 | Lair:1   | Identified 2 scrolls of acquirement
 19718 | Lair:5   | Found a viscous altar of Jiyva.
 19719 | Lair:5   | Found a staircase to the Slime Pits.
 20108 | Lair:5   | Reached skill level 15 in Dodging
 20339 | Lair:6   | Entered Level 6 of the Lair of Beasts
 20348 | Lair:6   | Received a gift from Trog
 20449 | Lair:6   | Reached XP level 16. HP: 150/151 MP: 9/18
 21237 | Lair:6   | Received a gift from Trog
 21515 | Orc:1    | Entered Level 1 of the Orcish Mines
 21977 | Orc:2    | Entered Level 2 of the Orcish Mines
 22208 | Orc:2    | Received a gift from Trog
 22246 | Orc:2    | Found a staircase to the Elven Halls.
 22513 | Orc:2    | Found Wumygu's Assorted Antiques.
 22513 | Orc:2    | Found Ojixewk's Weapon Boutique.
 22514 | Orc:2    | Found Asewnueg's Weapon Boutique.
 22514 | Orc:2    | Found Miuplu's Armour Shoppe.
 22552 | Orc:2    | Reached skill level 5 in Evocations
 22569 | Orc:2    | Reached skill level 5 in Stealth
 22795 | Orc:2    | Bought a potion of berserk rage for 190 gold pieces
 22795 | Orc:2    | Bought a silver ring for 190 gold pieces
 22993 | Lair:1   | Got a warped scale mail
 23010 | Lair:1   | Identified the +6 scale mail of the Bard {+Fly rC+ Stlth+}
                  | (You acquired it on level 1 of the Lair of Beasts)
 23145 | Swamp:1  | Entered Level 1 of the Swamp
 23166 | Swamp:1  | Received a gift from Trog
 23460 | Swamp:1  | Got a bloodstained long sword
 23461 | Swamp:1  | Identified the +8 long sword of Jist {antimagic, rN+ Str+4
                  | SInv Stlth-} (You found it on level 1 of the Swamp)
 23475 | Swamp:1  | Noticed Frances
 23482 | Swamp:1  | Killed Frances
 23548 | Swamp:1  | Reached XP level 17. HP: 103/161 MP: 11/20
 24427 | Swamp:3  | Received a gift from Trog
 25098 | Swamp:4  | Entered Level 4 of the Swamp
 25170 | Swamp:4  | Received a gift from Trog
 25238 | Swamp:4  | Reached ****** piety under Trog
 25532 | Swamp:4  | Noticed the 27-headed Lernaean hydra
 25537 | Swamp:4  | HP: 7/163 [the 26-headed Lernaean hydra (12)]
 25537 | Swamp:4  | Slain by the 26-headed Lernaean hydra

Levels and vault maps discovered:
D:1:      dpeg_arrival_shelter, layout_basic, minmay_small_reverse_x
D:2:      layout_basic, first_ration
D:3:      layout_rooms, minmay_ruptured
D:4:      layout_cave_pods, kennysheep_little_box, serial_shops,
          nicolae_shop_crystal, uniq_ijyb
D:5:      layout_rooms, kennysheep_generic_room_5, uniq_prince_ribbit1
D:6:      layout_basic, lemuel_coloured_pillars_altar,
          minmay_temple_entry_antechambers, nicolae_dithmenos_shadow_blocks
D:7:      layout_basic, the_bakery, serial_bayou_ford_a,
          chequers_serial_rivers_room_b
D:8:      layout_loops_cross, chequers_temple_overflow_statue_of_worship,
          gammafunk_ghost_gnarly_gnolls, uniq_erica
D:9:      kennysheep_orc_sif_temple, layout_rooms,
          nicolae_qazlal_style_of_elements, fedhas_altar_decomposition,
          enter_bailey_8, minmay_ruffians, uniq_grum
D:10:     layout_basic, hive_lemuel, uniq_maurice, uniq_fannar
D:11:     layout_long_grid, dpeg_oklobed_lair, gauntlet_entry_generic,
          serial_shops, shop, special_room [special_room_orc], uniq_psyche
D:12:     layout_cross, minmay_orc_entry_temple_small, serial_bayou_crossing
D:13:     layout_basic, serial_shops, nicolae_shop_stone, minmay_lindwurm_lava,
          uniq_kirke, uniq_urug
D:14:     hangedman_arrow_trap, layout_grid_maze, david_vaults_5,
          hangedman_decor_points
D:15:     grunt_enter_depths_magical_seal, layout_irregular_city,
          nicolae_tso_swordbearing_angel
Temple:   zaba_magenta_temple
Lair:1:   layout_roguey, beast_lair_carwin_8
Lair:2:   layout_cave_pods, gammafunk_ghost_split, serial_bayou_shore_b
Lair:3:   layout_hall_layers, dummy_snake_entry, lemuel_fruit_tree
Lair:4:   layout_regular_city, nicolae_swamp_entry_splash_gauntlet
Lair:5:   layout_cave_pods, dpeg_slime_entry_enclosed_altar, kennysheep_rathole,
          minmay_lair_oklob_chamber, grunt_megastairs_2
Lair:6:   grunt_lair_end_beastmaster, layout_gridlike, grunt_megastairs_5
Swamp:1:  layout_basic_swamp, evilmike_swamp_ruin_house_3, uniq_frances
Swamp:2:  layout_basic_swamp, hangedman_swamp_ruin_wall
Swamp:3:  layout_basic_swamp, hangedman_swamp_cone, swamp_pool5,
          infiniplex_staircase_pool_2
Swamp:4:  swamp_old_school, layout_basic_swamp, swamp_pool1, hangedman_swamp_pad
Orc:1:    layout_caves, nooodl_orcs_dogs
Orc:2:    st_orc_ogre_mass, layout_diamond_mine

Skill      XL: |  1  2  3  4  5  6  7  8  9 10 11 12 13 14 15 16 17 |
---------------+----------------------------------------------------+-----
Fighting       | 4 5 6 7 9 10 12 13 15 16 17 | 17.7
Long Blades    | 4 5 6 7 9 10 12 13 15 16 17 | 17.7
Armour         | 3 4 5 6 7 9 10 11 13 14 15 16 17 | 17.5
Dodging        | 3 4 5 6 8 9 11 12 14 15 16 | 16.5
Stealth        | 2 4 5 6 |  6.1
Evocations     | 2 4 5 6 |  6.2

Action                   |  1- 3 |  4- 6 |  7- 9 | 10-12 | 13-15 | 16-18 || total
-------------------------+-------+-------+-------+-------+-------+-------++-------
Melee: Falchion          |    75 |   136 |   120 |       |       |       ||   331
       Headbutt          |    10 |    21 |    72 |   139 |   251 |   154 ||   647
       Long sword        |       |       |   117 |     5 |       |       ||   122
       Scimitar          |       |       |       |    64 |    13 |       ||    77
       Double sword      |       |       |       |   310 |   530 |       ||   840
       Triple sword      |       |       |       |       |    75 |   506 ||   581
Invok: Berserk           |       |     3 |     2 |     4 |       |       ||     9
       Trog's Hand       |       |     1 |     1 |     3 |       |       ||     5
 Abil: Evoke Berserk Rag |       |       |       |       |     1 |       ||     1
Evoke: Wand              |       |       |       |     8 |       |       ||     8
  Use: Scroll            |       |       |     5 |     5 |    16 |     9 ||    35
       Potion            |       |       |     2 |     4 |     3 |     1 ||    10
 Stab: Sleeping          |     1 |       |     1 |    11 |    44 |    16 ||    73
       Distracted        |       |     1 |       |     1 |     5 |     3 ||    10
       Petrified         |       |       |       |       |       |     2 ||     2
       Confused          |       |       |       |       |       |     2 ||     2
  Eat: Chunk             |     1 |    10 |    17 |    21 |    28 |    17 ||    94
Armor: Animal skin       |    14 |     4 |       |       |       |       ||    18
       Ring mail         |       |    33 |       |       |       |       ||    33
       Leather armour    |       |     1 |    40 |    71 |    87 |   120 ||   319
Dodge: Dodged            |    58 |   111 |   150 |   420 |   570 |   762 ||  2071
       Rpst.: Falchion   |    16 |    26 |    12 |       |       |       ||    54
       Long sword        |       |       |    25 |     1 |       |       ||    26
       Scimitar          |       |       |       |    15 |     3 |       ||    18
       Double sword      |       |       |       |    58 |    98 |       ||   156
       Triple sword      |       |       |       |       |    15 |   138 ||   153

Table legend:
 A = Non-vault XP
 B = Vault XP
 C = Vault XP percentage of total XP
 D = Non-vault monster count
 E = Vault monster count
 F = Vault count percentage of total count
                 A         B        C        D         E       F
            +---------+---------+-------+---------+---------+-------
      Total |  154518 |   84874 |  35.5 |     781 |     290 |  27.1
            +---------+---------+-------+---------+---------+-------
        D:1 |      45 |      11 |  19.6 |      28 |       4 |  12.5
        D:2 |      77 |       0 |   0.0 |      29 |       0 |   0.0
        D:3 |     145 |       5 |   3.3 |      30 |       3 |   9.1
        D:4 |      79 |      36 |  31.3 |      17 |       1 |   5.6
        D:5 |     715 |     261 |  26.7 |      22 |       3 |  12.0
        D:6 |    1028 |       0 |   0.0 |      28 |       0 |   0.0
        D:7 |    1421 |     220 |  13.4 |      30 |       1 |   3.2
        D:8 |    1697 |    2223 |  56.7 |      39 |      17 |  30.4
        D:9 |    2383 |    2344 |  49.6 |      23 |      20 |  46.5
       D:10 |    2846 |    1425 |  33.4 |      29 |       2 |   6.5
       D:11 |    1179 |    3406 |  74.3 |      20 |      29 |  59.2
       D:12 |     491 |     140 |  22.2 |       4 |      10 |  71.4
       D:13 |    6548 |    3816 |  36.8 |      38 |       6 |  13.6
       D:14 |   14205 |    6124 |  30.1 |      44 |      17 |  27.9
       D:15 |    6072 |    6715 |  52.5 |      17 |      10 |  37.0
     Lair:1 |    4648 |     694 |  13.0 |      24 |       4 |  14.3
     Lair:2 |   10159 |    2580 |  20.3 |      37 |       3 |   7.5
     Lair:3 |   10074 |       0 |   0.0 |      31 |       0 |   0.0
     Lair:4 |   10862 |     748 |   6.4 |      36 |       4 |  10.0
     Lair:5 |    4901 |    4442 |  47.5 |      18 |      23 |  56.1
     Lair:6 |   10887 |    8711 |  44.4 |      38 |      19 |  33.3
    Swamp:1 |   18368 |    2318 |  11.2 |      41 |       1 |   2.4
    Swamp:2 |    8587 |       0 |   0.0 |      27 |       0 |   0.0
    Swamp:3 |   12882 |       0 |   0.0 |      24 |       0 |   0.0
    Swamp:4 |   16888 |    7028 |  29.4 |      40 |      10 |  20.0
      Orc:1 |    1675 |     847 |  33.6 |      17 |      12 |  41.4
      Orc:2 |    5656 |   20858 |  78.7 |      50 |      43 |  46.2
     Bailey |       0 |    2238 | 100.0 |       0 |      26 | 100.0
   Gauntlet |       0 |    7684 | 100.0 |       0 |      22 | 100.0
            +---------+---------+-------+---------+---------+-------
